 Dungeon Crawl Stone Soup version 0.18.1-2-ga659475 (webtiles) character file.

2038 IcyTea the Chiller (level 9, -2/68 HPs)
             Began as a Formicid Ice Elementalist on May 8, 2016.
             Was a Follower of Vehumet.
             Shot with an arrow by a centaur (7 damage)
             ... on level 8 of the Dungeon.
             The game lasted 00:57:37 (8729 turns).

IcyTea the Chiller (Formicid Ice Elementalist)      Turns: 8729, Time: 00:57:38

Health: -2/68      AC:  3    Str: 12    XL:     9   Next: 48%
Magic:  5/27       EV: 12    Int: 19    God:    Vehumet [*.....]
Gold:   189        SH:  0    Dex: 11    Spells: 6 memorised, 3 levels left

rFire  . . .     SeeInvis +     s - +0 long sword
rCold  . . .     Gourm    .     a - +1 robe
rNeg   . . .     Faith    .     (no shield)
rPois  .         Spirit   .     (helmet unavailable)
rElec  .         Dismiss  .     (no cloak)
rCorr  .         Reflect  .     (no gloves)
SustAt .         Harm     .     (no boots)
MR     .....                    (no amulet)
Stlth  ++........               r - ring of magical power
                                p - ring of wizardry

@: very slightly contaminated, not resistant to hostile enchantments, unstealthy
A: permanent stasis, dig shafts and tunnels, four strong arms, antennae 3
a: Dig, Shaft Self, Renounce Religion


You were on level 8 of the Dungeon.
You worshipped Vehumet.
Vehumet was aware of your devotion.
You were very hungry.

You visited 2 branches of the dungeon, and saw 9 of its levels.
You also visited: Sewer.

You collected 189 gold pieces.

Inventory:

Hand Weapons
 s - a +0 long sword (weapon)
 z - a +0 war axe of electrocution
Missiles
 m - 4 poisoned javelins (quivered)
Armour
 a - a +1 robe (worn)
Jewellery
 o - an uncursed ring of positive energy
 p - a ring of wizardry (left hand)
 r - a ring of magical power (right hand)
 t - an uncursed ring of flight
 v - an uncursed ring of sustain attributes
Wands
 i - a wand of disintegration (18/24)
 j - a wand of iceblast (4/15)
 n - a wand of disintegration (16/24)
 A - a wand of acid (7/15)
 E - a wand of enslavement (6/24)
Scrolls
 d - 7 scrolls of remove curse
 f - 2 scrolls of immolation
 k - 2 scrolls of magic mapping
 l - a scroll of recharging
 q - 2 scrolls of enchant armour
 B - a scroll of identify
 C - a scroll of enchant weapon {unknown}
Potions
 e - 2 potions of lignification
 g - a potion of cure mutation
 w - a potion of brilliance
 x - a potion of curing
Books
 b - a book of Frost

   Spells                             Type                      Level
   a - Freeze                         Ice                          1
   b - Throw Frost                    Conjuration/Ice              2
   c - Ozocubu's Armour               Charms/Ice                   3
   d - Throw Icicle                   Conjuration/Ice              4
   e - Summon Ice Beast               Ice/Summoning                4
 u - a book of Fire

   Spells                             Type                      Level
   a - Ignite Poison                  Fire/Transmutation/Poison    3
   b - Fireball                       Conjuration/Fire             5
   c - Bolt of Fire                   Conjuration/Fire             6
   d - Delayed Fireball               Conjuration/Fire             7
   e - Ring of Flames                 Charms/Fire                  7
 y - a book of Debilitation

   Spells                             Type                      Level
   a - Corona                         Hexes                        1
   b - Slow                           Hexes                        2
   c - Gell's Gravitas                Hexes/Translocation          3
   d - Inner Flame                    Hexes/Fire                   3
   e - Cause Fear                     Hexes                        4
   f - Leda's Liquefaction            Hexes/Earth                  4
Comestibles
 c - 6 bread rations
 h - 7 meat rations
 D - a slice of pizza


   Skills:
 - Level 5.5 Fighting
 - Level 3.0 Long Blades
 - Level 1.7 Dodging
 - Level 2.4 Stealth
 - Level 6.0 Spellcasting
 + Level 2.4 Conjurations
 - Level 3.6 Hexes
 - Level 2.0 Summonings
 - Level 7.0 Ice Magic
 - Level 2.3 Evocations


You had 3 spell levels left.
You knew the following spells:

 Your Spells              Type           Power        Failure   Level  Hunger
a - Freeze                Ice            ####         1%          1    None
b - Throw Frost           Conj/Ice       ###...       1%          2    None
c - Summon Ice Beast      Ice/Summ       ###.....     7%          4    ####...
d - Throw Icicle          Conj/Ice       ###.....     7%          4    ####...
e - Slow                  Hex            ###.....     1%          2    None
f - Cause Fear            Hex            ###.......   12%         4    ####...


Dungeon Overview and Level Annotations

Branches:
Dungeon (8/15)             Temple (1/1) D:6
   Lair: D:8-11

Altars:
Ashenzari
Cheibriados
Dithmenos
Elyvilon
Fedhas
Kikubaaqudgha
Makhleb
Nemelex Xobeh
Okawaru
Pakellas
Qazlal
Ru
Sif Muna
Trog
Vehumet
Xom
Yredelemnul
Zin
The Shining One


Innate Abilities, Weirdness & Mutations

You are under a permanent stasis effect.
You can dig through walls and to a lower floor.
Your four strong arms can wield two-handed weapons with a shield.
You have a pair of large antennae on your head (SInv).


Message History

Wait here!
Items here: )) [[ † an enchanted dagger; a robe; a dagger; a chain mail; an orc corpse The orc priest calls down the wrath of Beogh upon you.
Beogh smites you!
* * * LOW HITPOINT WARNING * * *
You swap places.
Items here: )) [[ † an enchanted dagger; a robe; a dagger; a chain mail; an orc corpse Your orc warrior hits the orc priest with a war axe!!
The orc priest dies!
Vehumet accepts your kill.
You are feeling very hungry.
Found a green potion.
There is a stone staircase leading down here.
You climb downwards.
A centaur comes into view.
The centaur shouts!
The centaur wields a shortbow.
The centaur shoots an arrow.
The arrow hits you!
You die...

#### #... ##
..÷ .. .. ##
#.##.#.##.#
#.........##.#
#..@.....#
#......>.....
#)......#####
#....#......
.....#...##c#
.⌠.# ....# .#
_.. ....# # .⌠
..####


You could see a centaur.

Vanquished Creatures
  Pikel (D:7)
  An ice beast (D:5)
  An orc warrior (D:5)
  2 giant frogs (Sewer)
  A scorpion (D:6)
  A howler monkey (D:4)
  An orc priest (D:6)
  3 orc wizards
  An iguana (D:7)
  2 worker ants
  A hound zombie (D:6)
  A worker ant zombie (D:6)
  A gnoll (D:3)
  14 adders
  8 oozes (Sewer)
  3 worms
  3 dart slugs
  14 giant geckos
  12 orcs
  11 ball pythons
  14 giant cockroaches
  14 goblins
  3 hobgoblins
  4 jackals
  2 quokkas
  7 bats
  A giant gecko zombie (D:6)
  12 giant newts
  2 kobolds
  5 rats
146 creatures vanquished.

Vanquished Creatures (collateral kills)
  Grinder (D:4)
  A hippogriff (D:7)
  Menkaure (D:4)
  A phantom (D:6)
  A centaur (D:5)
  3 ogres
  A howler monkey (D:5)
  3 orc priests
  A jelly (D:5)
  4 orc wizards
  A statue (D:4)
  A worker ant (D:4)
  2 gnolls (D:3)
  A giant gecko (D:3)
  12 orcs
  2 giant cockroaches (D:3)
  2 jackals (D:5)
38 creatures vanquished.

Vanquished Creatures (others)
  2 slaves (D:7)
  An ogre (D:7)
  A hound (D:7)
  2 orc wizards (D:7)
  2 orcs (D:7)
  A giant newt (D:7)
9 creatures vanquished.

Grand Total: 193 creatures vanquished

Notes
Turn   | Place    | Note
--------------------------------------------------------------
     0 | D:1      | IcyTea the Formicid Ice Elementalist began the quest for the Orb.
     0 | D:1      | Reached XP level 1. HP: 13/13 MP: 3/3
   138 | D:1      | Reached XP level 2. HP: 19/19 MP: 1/5
   142 | D:1      | Learned a level 2 spell: Throw Frost
  1090 | D:2      | Reached skill level 4 in Ice Magic
  1090 | D:2      | Reached XP level 3. HP: 20/24 MP: 3/6
  1499 | D:2      | Reached XP level 4. HP: 14/30 MP: 2/7
  1786 | D:1      | Learned a level 4 spell: Summon Ice Beast
  1925 | D:2      | Reached skill level 5 in Ice Magic
  2291 | D:2      | Reached skill level 1 in Summonings
  2291 | D:2      | Reached XP level 5. HP: 35/35 MP: 3/8
  3007 | D:3      | Found a burning altar of Makhleb.
  3008 | D:3      | Noticed an Executioner
  3012 | D:3      | Found a glowing silver altar of Zin.
  3013 | D:3      | Noticed an angel
  3184 | D:3      | Found a glowing drain.
  3197 | Sewer    | Entered a sewer
  3332 | Sewer    | Reached XP level 6. HP: 35/41 MP: 9/9
  3589 | Sewer    | Reached skill level 6 in Ice Magic
  3603 | Sewer    | Reached skill level 1 in Conjurations
  4297 | Sewer    | Reached XP level 7. HP: 6/46 MP: 6/13
  4712 | D:3      | Found a white marble altar of Elyvilon.
  4760 | D:3      | Found an oddly glowing altar of Pakellas.
  5091 | D:4      | Found a shadowy altar of Dithmenos.
  5166 | D:4      | Noticed Grinder
  5180 | D:4      | Killed Grinder
  5380 | D:4      | Learned a level 4 spell: Throw Icicle
  5409 | D:4      | Reached skill level 1 in Long Blades
  5810 | D:4      | Noticed Menkaure
  5817 | D:4      | Killed Menkaure
  5817 | D:4      | Reached XP level 8. HP: 52/52 MP: 3/14
  5911 | D:4      | Found a radiant altar of Vehumet.
  6033 | D:4      | Became a worshipper of Vehumet
  6143 | D:5      | Entered Level 5 of the Dungeon
  6202 | D:5      | Reached skill level 7 in Ice Magic
  6865 | D:5      | Reached skill level 5 in Spellcasting
  7129 | D:5      | Learned a level 2 spell: Slow
  7182 | D:5      | Reached skill level 1 in Hexes
  7462 | D:6      | Learned a level 4 spell: Cause Fear
  7593 | D:6      | Reached skill level 1 in Evocations
  7608 | D:6      | Found a staircase to the Ecumenical Temple.
  7618 | Temple   | Entered the Ecumenical Temple
  8223 | D:6      | Reached * piety under Vehumet
  8223 | D:6      | Offered knowledge of Sandblast by Vehumet.
  8343 | D:6      | Reached skill level 1 in Fighting
  8343 | D:6      | Reached XP level 9. HP: 54/59 MP: 18/18
  8425 | D:7      | Noticed Pikel
  8433 | D:7      | Killed Pikel
  8433 | D:7      | Reached skill level 5 in Fighting
  8715 | D:7      | HP: 2/68 [orc priest/divine providence (11)]
  8729 | D:8      | Found a sparkling altar of Nemelex Xobeh.
  8729 | D:8      | Shot with an arrow by a centaur

Skill      XL: |  1  2  3  4  5  6  7  8  9 |
---------------+----------------------------+-----
Ice Magic      | 4 5 6 7 |  7.0
Summonings     | 1 2 |  2.0
Conjurations   | 1 2 |  2.4
Spellcasting   | 4 6 |  6.0
Long Blades    | 2 3 |  3.0
Hexes          | 3 |  3.6
Evocations     | 2 |  2.3
Fighting       | 1 5 |  5.5
Dodging        | |  1.7
Stealth        | |  2.4

Action                   |  1- 3 |  4- 6 |  7- 9 || total
-------------------------+-------+-------+-------++-------
Melee: Unarmed           |     2 |       |       ||     2
       Mace              |    20 |    41 |       ||    61
       Flail             |       |    36 |     5 ||    41
       Long sword        |       |       |    72 ||    72
 Cast: Freeze            |    32 |    75 |    49 ||   156
       Throw Frost       |     4 |    39 |    30 ||    73
       Summon Ice Beast  |       |     4 |    36 ||    40
       Throw Icicle      |       |       |    11 ||    11
       Cause Fear        |       |       |     2 ||     2
 Abil: Dig               |       |     2 |       ||     2
Evoke: Wand              |       |       |     3 ||     3
  Use: Scroll            |     2 |     2 |     8 ||    12
       Potion            |     1 |     5 |     4 ||    10
 Stab: Sleeping          |       |       |     3 ||     3
  Eat: Chunk             |     2 |    14 |    19 ||    35
       Beef jerky        |       |       |     2 ||     2
Armor: Robe              |     5 |    17 |    20 ||    42
Dodge: Dodged            |    29 |   114 |    89 ||   232
